 Dungeon Crawl Stone Soup version 0.30-a0-989-g0d87f670db (webtiles) character file.

Game seed: 15012075798106729391

67 jasper the Firebug (level 4, -3/45 HPs)
             Began as a Human Wanderer on Apr 3, 2023.
             Slain by a hobgoblin (4 damage)
             ... on level 2 of the Dungeon.
             The game lasted 00:01:58 (1252 turns).

jasper the Firebug (Human Wanderer)                 Turns: 1252, Time: 00:01:59

Health: -3/45      AC:  1    Str: 12    XL:     4   Next: 38%
Magic:  0/7        EV: 11    Int: 16    God:
Gold:   82         SH:  0    Dex: 11    Spells: 2/7 levels left

rFire   . . .      SeeInvis .    k - +0 trident
rCold   . . .      Faith    .    (no shield)
rNeg    . . .      Spirit   .    (no body armour)
rPois   .          Reflect  .    b - +0 helmet
rElec   .          Rampage  .    (no cloak)
rCorr   .                        (no gloves)
Will    .....                    (no boots) Stlth
                                 (no amulet)
HPRegen 0.27/turn                (no ring)
MPRegen 0.10/turn                (no ring)

@: berserking, very quick
A: no striking features
a: no special abilities


You were on level 2 of the Dungeon.
You visited 1 branch of the dungeon, and saw 2 of its levels.

You collected 82 gold pieces.

Inventory:

Hand Weapons
 a - a +0 spear
 k - a +0 trident (weapon)
Missiles
 h - 5 poisoned darts
Armour
 b - a +0 helmet (worn)
 d - a +0 robe
 l - a +1 animal skin
Scrolls
 j - a scroll of identify {unknown}
Potions
 e - 2 potions of curing {unknown}
 f - a potion of ambrosia {unknown}
 g - a potion of brilliance {unknown}
 i - a potion of lignification {unknown}


   Skills:
 - Level 1.0 Polearms
 - Level 1.0 Dodging
 - Level 2.0 Stealth
 + Level 2.1 Spellcasting
 + Level 1.9 Conjurations
 + Level 4.5 Fire Magic
 - Level 1.0 Invocations


You had 2 spell levels left.
You knew the following spells:

 Your Spells              Type           Power      Damage    Failure   Level
a - Foxfire               Conj/Fire      48%        2x1d4     5%          1
b - Flame Wave            Conj/Fire      12%        2d6       47%         4

Your spell library contained the following spells:

 Spells                   Type           Power      Damage    Failure   Level
 Kindle Blastsparks       Fire/Tloc/Air  12%        2d11      32%         3


Dungeon Overview and Level Annotations

Branches:
Dungeon (2/15)

Altars:
Xom


Message History

You take 7 damage, and have 18/30 hp.
MASSIVE DAMAGE!!
You hit the giant cockroach but do no damage.
Your punch misses the giant cockroach. The giant cockroach closely misses you.
Something completely misses you.
Casting: Foxfire (safe; 5% risk of failure)
Press: ? - help, Q - select action, (/) - cycle Dir - look around, f - activate Nothing appears to happen.
The giant cockroach misses you. Something hits you.
The giant cockroach bites you but does no damage.
You take 3 damage, and have 16/30 hp.
You now have 0/7 mp.
You puncture the giant cockroach!
You kill the giant cockroach!
Something barely misses you.
Casting: Foxfire (safe; 5% risk of failure)
Press: ? - help, Q - select action, (/) - cycle Dir - look around, f - activate You conjure some foxfire!
Something hits you.
You take 5 damage, and have 12/30 hp.
You now have 0/7 mp.
You closely miss something.
The foxfire hits something.
The foxfire hits something but does no damage.
Something hits you.
* * * LOW HITPOINT WARNING * * *
Something hits you but does no damage.
You take 3 damage, and have 9/30 hp.
Something hits you.
* * * LOW HITPOINT WARNING * * *
You take 4 damage, and have 5/30 hp.
A red film seems to cover your vision as you go berserk!
You feel yourself moving faster!
You feel mighty! Something hits you.
* * * LOW HITPOINT WARNING * * *
You now have 7/45 hp.
You miss something. Something hits you.
* * * LOW HITPOINT WARNING * * *
You take 3 damage, and have 4/45 hp.
You miss something. You closely miss something. Something hits you.
* * * LOW HITPOINT WARNING * * *
You take 3 damage, and have 1/45 hp.
You barely miss something. Something hits you.
You die...

..# #......#
#...........
..####......#
#........##..
............# ###'#....#
# ............# #.#....#
#.......##### #.#....#
####....#########.#....#
#....##........# ...#
#....##.......{# '##
.............@.#
........##...##.....#
.........##... #.....#
.........##.. #.....#
............. ......#
.### ##....# ..### ###


There were no monsters in sight!

Vanquished Creatures
  Jessica (D:2)
  Robin (D:2)
  2 dart slugs (D:1)
  An endoplasm (D:1)
  4 giant cockroaches
  4 goblins (D:2)
  4 hobgoblins
  A quokka (D:1)
  2 bats (D:1)
  2 frilled lizards (D:2)
  A kobold (D:2)
  2 rats (D:1)
25 creatures vanquished.

Vanquished Creatures (others)
  59 foxfires
59 creatures vanquished.

Grand Total: 84 creatures vanquished

Notes
Turn   | Place    | Note
-------+----------+-------------------------------------------
     0 | D:1      | jasper the Human Wanderer began the quest for the Orb.
     0 | D:1      | jasper set off with the following items: a +0 spear, a +0
                  | helmet, a potion of berserk rage, a +0 robe; and the
                  | following spell memorised: Foxfire; and the following
                  | spells available to memorise: Kindle Blastsparks, Flame
                  | Wave.
     0 | D:1      | Reached XP level 1. HP: 13/13 MP: 2/2
   156 | D:1      | Reached XP level 2. HP: 19/19 MP: 1/3
   590 | D:1      | Reached skill level 1 in Conjurations
   864 | D:1      | Found a shimmering altar of Xom.
   934 | D:2      | Reached XP level 3. HP: 24/24 MP: 0/5
   999 | D:2      | Noticed Jessica
  1003 | D:2      | Killed Jessica
  1004 | D:2      | Reached XP level 4. HP: 30/30 MP: 0/7
  1009 | D:2      | Learned a level 4 spell: Flame Wave
  1194 | D:2      | Noticed Robin
  1211 | D:2      | Killed Robin
  1251 | D:2      | HP: 1/45 [something (4)]
  1252 | D:2      | Slain by a hobgoblin

Illustrated notes

Levels and vault maps discovered:
D:1:      dpeg_arrival_water_altar, layout_loops_cross
D:2:      layout_basic, minmay_pentomino_s2, uniq_jessica, uniq_robin

Skill      XL: |  1  2  3 |
---------------+----------+-----
Conjurations   | 1 |  1.9
Spellcasting   | 2 |  2.1
Polearms       | |  1.0
Dodging        | |  1.0
Stealth        | |  2.0
Fire Magic     | |  4.5
Invocations    | |  1.0

Action                     |  1- 3 |  4- 6 || total
---------------------------+-------+-------++-------
  Melee: Spear             |    19 |       ||    19
         Trident           |    14 |     9 ||    23
   Cast: Foxfire           |    24 |    12 ||    36
    Use: Scroll            |     1 |       ||     1
         Potion            |       |     1 ||     1
 Armour: Robe              |     8 |       ||     8
         Skin              |       |     2 ||     2
  Dodge: Dodged            |    17 |    10 ||    27

Table legend: (Time is in decaauts)
 A = Elapsed time spent in this place.
 B = Non-inter-level travel time spent in this place.
 C = Inter-level travel time spent in this place.
 D = Time resting spent in this place.
 E = Time spent auto-exploring this place.
 F = Levels seen in this place.
 G = Mean time per level.
                   A        B        C        D        E       F      G
               +--------+--------+--------+--------+--------+-----+--------+
         Total |   1259 |   1203 |     56 |     20 |    952 |   2 |  629.5 |
       Dungeon |   1259 |   1203 |     56 |     20 |    952 |   2 |  629.5 |
               +--------+--------+--------+--------+--------+-----+--------+

Top non-repeatable levels by time:
     D:1: 909 daAuts
     D:2: 350 daAuts
